 Dungeon Crawl Stone Soup version 0.17-a0-737-gf0a300a (webtiles) character file.

18198 Leibowitz the Nimble (level 12, -2/76 HPs)
             Began as a Kobold Gladiator on Apr 26, 2015.
             Was a High Priest of Okawaru.
             Slain by a manticore (7 damage)
             ... on level 12 of the Dungeon.
             The game lasted 01:19:00 (18801 turns).

Leibowitz the Nimble (Kobold Gladiator)            Turns: 18801, Time: 01:19:00

Health: -2/76      AC: 10    Str: 13    XL:     12   Next: 92%
Magic:  14/14      EV: 27    Int:  6    God:    Okawaru [*****.]
Gold:   887        SH:  0    Dex: 24    Spells: 0 memorised, 11 levels left

rFire  + . .     SeeInvis .     a - +0 quick blade
rCold  x . .     Clarity  .     G - +2 ring mail {rN+}
rNeg   + . .     SustAb   .     (shield restricted)
rPois  +         Gourm    .     c - +1 helmet
rElec  +         Spirit   .     (no cloak)
rCorr  +         Warding  .     (no gloves)
rMut   .         Stasis   .     (no boots)
MR     +....                    n - amulet of resist corrosion (curse)
Stlth  ++++++....               S - ring "Kehasav" {Fire rPois Stlth+}
                                h - ring of protection from magic

@: manticore barbs, somewhat resistant to hostile enchantments, very stealthy
A: claws 1, hooves 1, agile 1, carnivore 3, electricity resistance, no device
heal 1
a: Heroism, Finesse, Renounce Religion


You were on level 12 of the Dungeon.
You worshipped Okawaru.
Okawaru was extremely pleased with you.
You were very full.

You visited 4 branches of the dungeon, and saw 17 of its levels.
You also visited: Sewer and Ossuary.

You collected 929 gold pieces.
You spent 42 gold pieces at shops.

Inventory:

Hand weapons
 a - a +0 quick blade (weapon)
 b - a +0 blowgun
 J - a +4 scimitar of flaming
 K - a +1 antimagic dagger
 Q - a +1 vampiric rapier
 T - a +1 dagger of venom
Missiles
 d - 3 throwing nets (quivered)
 D - a curare-tipped needle
 F - 63 poisoned needles
Armour
 c - a +1 helmet (worn)
 o - the -6 helmet of the Present {rF+ Str+4 Int+4}
   (You found it on level 5 of the Dungeon)

   It affects your strength (+4).
   It affects your intelligence (+4).
   It protects you from fire.
 G - a +2 ring mail of positive energy (worn)
Jewellery
 h - a ring of protection from magic (left claw)
 n - a cursed amulet of resist corrosion (around neck)
 z - an uncursed amulet of resist mutation
 H - an uncursed ring of positive energy
 O - an uncursed ring of see invisible
 S - the ring "Kehasav" (right claw) {Fire rPois Stlth+}
   (You found it on level 11 of the Dungeon)

   [ring of fire]

   It enhances your fire magic, and weakens your ice magic.
   It protects you from fire.
   It makes you vulnerable to cold.
   It protects you from poison.
   It makes you more stealthy.
Magical devices
 f - a wand of confusion (39)
 p - a wand of random effects (20)
 s - a wand of flame (14)
 y - a wand of random effects (13)
 E - a wand of enslavement (11)
 M - a wand of digging (15)
 P - a wand of frost (13)
 R - a wand of polymorph (19)
Scrolls
 i - 4 scrolls of magic mapping
 k - 5 scrolls of remove curse
 l - 7 scrolls of identify
 m - 3 scrolls of fear
 q - 2 scrolls of amnesia
 r - 2 scrolls of teleportation
 C - a scroll of fog
 N - 6 scrolls of enchant armour
 U - a scroll of blinking
Potions
 g - a potion of resistance
 j - 7 potions of curing
 t - 2 potions of haste
 u - 2 potions of might
 x - 2 potions of heal wounds
 A - 5 potions of brilliance
 B - 3 potions of agility
 I - 2 potions of restore abilities
 L - a potion of cancellation
Comestibles
 e - 7 meat rations
 v - 9 slices of pizza
 w - 4 beef jerkies


   Skills:
 + Level 9.1 Fighting
 + Level 12.1(12.2) Short Blades
 + Level 1.0(5.1) Long Blades
 - Level 3.0 Throwing
 + Level 6.4 Armour
 + Level 13.5 Dodging
 + Level 11.6 Stealth
 + Level 1.2 Invocations
 + Level 2.9 Evocations


You had 11 spell levels left.
You didn't know any spells.

Dungeon Overview and Level Annotations

Branches:
Dungeon (12/15)            Temple (1/1) D:6            Lair (3/8) D:9
    Orc (1/4) D:9
  Swamp: Lair:3-6    Shoals: Lair:3-6     Snake: Lair:3-6    Spider: Lair:3-6

Altars:
Ashenzari
Cheibriados
Dithmenos
Elyvilon
Fedhas
Gozag
Kikubaaqudgha
Makhleb
Nemelex Xobeh
Okawaru
Qazlal
Ru
Sif Muna
Trog
Vehumet
Xom
Yredelemnul
Zin
The Shining One

Shops:
D:8 (

Annotations:
D:5 Ngotmuk's ghost, average DDFi
Orc:1 Nergalle


Innate Abilities, Weirdness & Mutations

You are small and have problems with some larger weapons.
You are carnivorous and can eat meat at any time.
You have sharp fingernails.
You have large cloven feet.
You are agile. (Dex +2)
You are resistant to electric shocks.
Potions and wands are less effective at restoring your health.


Message History

The manticore bites you! The manticore completely misses you.
The manticore completely misses you.
You hit the manticore.
The manticore is moderately wounded.
Wield which item (- for none, * to show all)? (? for menu, Esc to quit)
Your +1 dagger of venom stops dripping with poison.
a - a +0 quick blade (weapon)
The manticore barely misses you. The manticore misses you.
The manticore claws you but does no damage.
You hit the manticore.
You kick the manticore, but do no damage.
The manticore is heavily wounded.
You hit the manticore.
The manticore is heavily wounded.
You hit the manticore but do no damage. Your kick misses the manticore.
The manticore is heavily wounded.
The manticore bites you!!
* * * LOW HITPOINT WARNING * * *
The manticore misses you. The manticore claws you!
You die...

##..## #.(... .. # #....#
... #.#....# ###..#
#.#....###...#
.##...........# #
<............#####.
........†..)......... #
.......H@.....####...###.
.......†......#.. ...##..
##...........#.##......#
##..........#....###..#
##.##..###....####.... #.
#......#.##....##. #
##...........#####.
..........#### #.
....##.....# #.


You could see a manticore.

Vanquished Creatures
  Erolcha (D:8)
  2 hydras (Lair:2)
  Erica (D:8)
  2 unseen horrors
  Pikel (D:9)
  3 hill giants
  A black mamba (Lair:1)
  2 spiny frogs
  A komodo dragon (Lair:1)
  Prince Ribbit (D:7)
  4 blink frogs (Lair:1)
  13 yaks
  A hog (D:7)
  2 hippogriffs
  A human (D:7)
  2 wyverns (D:11)
  2 hungry ghosts (D:9)
  Menkaure (D:7)
  A mottled dragon (D:11)
  8 wolves
  A soldier ant (D:12)
  3 water moccasins (Lair:1)
  3 orc warriors
  5 porcupines
  An ice beast (D:5)
  9 ogres
  A black bear (D:7)
  A sky beast (D:5)
  2 phantoms
  3 crocodiles
  A big kobold (Sewer)
  10 giant frogs
  A wyvern skeleton (D:8)
  2 scorpions (D:9)
  13 killer bees
  3 wights (D:7)
  A goliath beetle (D:9)
  4 hounds
  5 crimson imps
  2 giant frog zombies
  2 centaur zombies (Ossuary)
  9 orc wizards
  4 orc priests
  2 centaur skeletons
  5 jellies
  4 iguanas
  A giant frog skeleton (D:9)
  4 worker ants
  6 sheep
  A big kobold zombie (Ossuary)
  A hound zombie (D:8)
  5 mummies (Ossuary)
  Robin (D:3)
  13 river rats
  3 gnolls (D:3)
  9 adders
  2 oozes (Sewer)
  An adder skeleton (D:4)
  4 worms
  41 orcs
  23 bats
  A bat zombie (D:8)
  7 giant cockroaches
  2 gnoll zombies (Ossuary)
  22 goblins
  13 hobgoblins
  13 jackals
  28 kobolds
  2 quokkas
  8 ball pythons
  7 giant geckos
  6 giant newts
  A giant spore (Lair:1)
  2 kobold zombies (Ossuary)
  An orc zombie (Ossuary)
  18 rats
  48 ballistomycetes
441 creatures vanquished.

Vanquished Creatures (others)
  An orc wizard (D:5)
  A kobold (D:9)
  6 giant spores
  A rat (D:9)
  A fungus (Lair:2)
10 creatures vanquished.

Grand Total: 451 creatures vanquished

Notes
Turn   | Place    | Note
--------------------------------------------------------------
     0 | D:1      | Leibowitz, the Kobold Gladiator, began the quest for the Orb.
     0 | D:1      | Reached XP level 1. HP: 12/12 MP: 1/1
   178 | D:1      | Reached XP level 2. HP: 15/17 MP: 2/2
   393 | D:1      | Reached skill level 1 in Stealth
   728 | D:2      | Reached XP level 3. HP: 22/22 MP: 3/3
  1206 | D:2      | HP: 1/22 [worm (7)]
  1213 | D:2      | Reached XP level 4. HP: 15/27 MP: 4/4
  2280 | D:3      | Found a white marble altar of Elyvilon.
  2361 | D:3      | Reached XP level 5. HP: 31/31 MP: 5/5
  2490 | D:3      | Noticed Robin
  2515 | D:3      | Reached skill level 1 in Armour
  2535 | D:3      | Killed Robin
  2535 | D:3      | Reached skill level 5 in Short Blades
  3113 | D:3      | You fall through a shaft for 2 floors!
  3113 | D:5      | Entered Level 5 of the Dungeon
  3168 | D:5      | Gained mutation: You are agile. (Dex +2) [potion of beneficial mutation]
  3191 | D:5      | Reached skill level 5 in Dodging
  3191 | D:5      | Reached XP level 6. HP: 9/37 MP: 6/6
  3376 | D:5      | Noticed Ngotmuk's ghost (average DDFi)
  3439 | D:5      | Noticed an ice beast
  3449 | D:5      | Killed an ice beast
  3465 | D:5      | Noticed a sky beast
  3466 | D:5      | Found a sand-covered staircase.
  3494 | D:5      | Killed a sky beast
  3494 | D:5      | Reached XP level 7. HP: 25/41 MP: 7/7
  3510 | D:5      | Got a pitted helmet
  3521 | D:5      | Identified the cursed -6 helmet of the Present {rF+ Str+4 Int+4} (You found it on level 5 of the Dungeon)
  3535 | Ossuary  | Entered an ossuary
  3682 | Ossuary  | HP: 2/41 [mummy (18)]
  4247 | Ossuary  | Reached skill level 6 in Short Blades
  4328 | Ossuary  | Gained mutation: You are resistant to electric shocks. [potion of mutation]
  4328 | Ossuary  | Gained mutation: You have sharp fingernails. [potion of mutation]
  4328 | Ossuary  | Gained mutation: Potions and wands are less effective at restoring your health. [potion of mutation]
  4402 | D:5      | Noticed an ogre
  4417 | D:5      | Killed an ogre
  4417 | D:5      | Reached skill level 5 in Stealth
  4768 | D:5      | Noticed an ogre
  4788 | D:5      | Killed an ogre
  4788 | D:5      | Reached XP level 8. HP: 46/48 MP: 8/8
  5186 | D:4      | Found a glowing drain.
  5230 | Sewer    | Entered a sewer
  6107 | D:4      | Reached skill level 7 in Dodging
  6961 | D:6      | Found a staircase to the Ecumenical Temple.
  6970 | Temple   | Entered the Ecumenical Temple
  7069 | Temple   | Became a worshipper of Warmaster Okawaru
  7583 | D:7      | Reached skill level 5 in Fighting
  7583 | D:7      | Reached XP level 9. HP: 52/54 MP: 9/9
  7708 | D:7      | Noticed Prince Ribbit
  7759 | D:7      | Killed Prince Ribbit
  7759 | D:7      | Reached skill level 8 in Short Blades
  8007 | D:7      | Acquired Okawaru's first power
  8740 | D:7      | Reached skill level 9 in Dodging
  8881 | D:7      | Reached XP level 10. HP: 60/60 MP: 10/10
  8898 | D:7      | Noticed Menkaure
  8903 | D:7      | Killed Menkaure
  8907 | D:7      | Gained mutation: You have large cloven feet. [potion of beneficial mutation]
  9035 | D:7      | Found a staircase to the Ecumenical Temple.
  9142 | D:8      | Reached skill level 1 in Evocations
  9144 | D:8      | Noticed Erica
  9150 | D:8      | Killed Erica
  9205 | D:8      | Found a radiant altar of Vehumet.
  9317 | D:8      | Reached skill level 10 in Dodging
  9445 | D:8      | Noticed Erolcha
  9516 | D:8      | Killed Erolcha
  9757 | D:8      | Found Bot Kuoh's Antique Weapon Shop.
  9771 | D:8      | Bought a runed dagger for 42 gold pieces
 10081 | D:9      | Found a staircase to the Orcish Mines.
 10170 | D:9      | Found a burning altar of Makhleb.
 10238 | D:9      | Reached skill level 10 in Short Blades
 10396 | D:9      | Found a staircase to the Lair.
 10396 | D:9      | Noticed an elephant
 10418 | D:9      | Reached skill level 10 in Stealth
 10418 | D:9      | Reached XP level 11. HP: 56/67 MP: 12/12
 10697 | D:9      | Noticed Pikel
 10750 | D:9      | Killed Pikel
 11133 | D:10     | Entered Level 10 of the Dungeon
 11183 | D:10     | Reached skill level 11 in Dodging
 11892 | D:10     | Killed an unseen horror
 11892 | D:10     | Acquired Okawaru's second power
 11892 | D:10     | Reached skill level 5 in Armour
 12502 | D:10     | Noticed a hill giant
 12504 | D:10     | Killed a hill giant
 12651 | Lair:1   | Entered Level 1 of the Lair of Beasts
 13517 | Lair:1   | Received a gift from Okawaru
 13517 | Lair:1   | Reached skill level 12 in Dodging
 13959 | Lair:1   | Reached XP level 12. HP: 18/73 MP: 13/13
 16198 | Lair:2   | Noticed a seven-headed hydra
 16209 | Lair:2   | Noticed a four-headed hydra
 16220 | Lair:2   | Killed a two-headed hydra
 16225 | Lair:2   | Killed a one-headed hydra
 16225 | Lair:2   | Received a gift from Okawaru
 17288 | Orc:1    | Entered Level 1 of the Orcish Mines
 17302 | Orc:1    | Noticed Nergalle
 17481 | D:11     | Reached skill level 13 in Dodging
 17533 | D:11     | Reached skill level 1 in Long Blades
 17761 | D:11     | Received a gift from Okawaru
 17789 | D:11     | Reached skill level 1 in Invocations
 17940 | D:11     | Got a slimy platinum ring
 17944 | D:11     | Identified the ring "Kehasav" {Fire rPois Stlth+} (You found it on level 11 of the Dungeon)
 18499 | D:11     | Found a burning altar of Makhleb.
 18801 | D:12     | Slain by a manticore

Action                   |  1- 3 |  4- 6 |  7- 9 | 10-12 || total
-------------------------+-------+-------+-------+-------++-------
Melee: Rapier            |    93 |   233 |   581 |   430 ||  1337
       Dagger            |       |       |       |  1191 ||  1191
       Quick blade       |       |       |       |    17 ||    17
       Scimitar          |       |       |       |    10 ||    10
 Fire: Blowgun           |       |       |    82 |   122 ||   204
Throw: Throwing net      |     2 |     5 |     5 |       ||    12
Invok: Heroism           |       |       |       |     4 ||     4
Evoke: Wand              |       |       |     4 |    13 ||    17
  Use: Potion            |     1 |     6 |     4 |     9 ||    20
       Scroll            |       |       |    20 |     7 ||    27
 Stab: Sleeping          |     3 |     3 |    15 |    30 ||    51
       Held in net/web   |     1 |     2 |     3 |       ||     6
       Distracted        |       |       |     7 |     4 ||    11
       Fleeing           |       |       |     1 |       ||     1
  Eat: Chunk             |     9 |     8 |    16 |    36 ||    69
       Meat ration       |       |       |     1 |       ||     1
